 Dungeon Crawl Stone Soup version 0.22-a0-608-g8a62e23 (webtiles) character file.

1144 sking99 the Martial Artist (level 8, -3/73 HPs)
             Began as a Purple Draconian Transmuter on July 9, 2018.
             Was a Priest of Ru.
             Slain by a komodo dragon (24 damage)
             ... on level 8 of the Dungeon.
             The game lasted 00:19:02 (8014 turns).

sking99 the Martial Artist (DrTm)                   Turns: 8014, Time: 00:19:02

Health: -3/73      AC:  7    Str: 12    XL:     8   Next: 15%
Magic:  11/11      EV: 14    Int: 15    God:    Ru [***...]
Gold:   241        SH:  0    Dex: 14    Spells: 8/11 levels left

rFire    . . .     SeeInvis .     - Unarmed
rCold    . . .     Gourm    .   (no shield)
rNeg     + . .     Faith    .   (armour unavailable)
rPois    .         Spirit   .   (helmet restricted)
rElec    .         Reflect  .   (no cloak)
rCorr    +         Harm     .   (no gloves)
MR       +....                  o - +0 pair of boots
Stlth    +.........             e - amulet of regeneration
HPRegen  0.62/turn              b - ring of resist corrosion
MPRegen  0.12/turn              d - ring of positive energy

@: short of breath
A: breathe power, unfitting armour, cold-blooded, no fire magic, no hexes magic,
no translocations magic, inexperienced 1, AC +6
a: Breathe Dispelling Energy, Draw Out Power, Renounce Religion


You were on level 8 of the Dungeon.
You worshipped Ru.
Ru was most pleased with you.
You were hungry.

You visited 1 branch of the dungeon, and saw 8 of its levels.

You collected 345 gold pieces.
You spent 104 gold pieces at shops.

Inventory:

Missiles
 a - 38 arrows
Armour
 o - a +0 pair of boots (worn)
Jewellery
 b - a ring of resist corrosion (left hand)
 d - a ring of positive energy (right hand)
 e - an amulet of regeneration (around neck)
Wands
 g - a wand of digging (9)
 j - a wand of acid (8)
 u - a wand of flame (33)
Scrolls
 f - 2 scrolls of magic mapping
 h - a scroll of immolation
 i - 2 scrolls of fog
 m - a scroll of blinking
 n - 3 scrolls of amnesia
 p - a scroll of teleportation
 q - 2 scrolls of identify
Potions
 k - a potion of invisibility
 l - 3 potions of haste
 r - a potion of agility
Comestibles
 c - 10 rations
 s - 4 chunks of flesh


   Skills:
 + Level 7.4 Fighting
 + Level 4.6 Dodging
 * Level 10.1 Unarmed Combat
 - Level 2.4 Spellcasting
 - Level 5.1 Transmutations


You had 8 spell levels left.
You knew the following spells:

 Your Spells              Type           Power        Failure   Level  Hunger
a - Beastly Appendage     Tmut           ###...       2%          1    #......
b - Sticks to Snakes      Tmut           ###.....     4%          2    ###....

Your spell library contained the following spells:

 Spells                   Type           Power        Failure   Level  Hunger
 Fireball                 Conj/Fire      #.........   99%         5    ######.
 Conjure Flame            Conj/Fire      #.......     54%         3    ###....
 Throw Flame              Conj/Fire      #.....       32%         2    ###....
 Sticky Flame             Conj/Fire      #.......     91%         4    #####..
 Spider Form              Tmut/Pois      #.........   22%         3    ###....
 Blade Hands              Tmut           ###.......   58%         5    ######.
 Ice Form                 Ice/Tmut       #.......     58%         4    #####..
 Flame Tongue             Conj/Fire      #....        22%         1    #......
 Inner Flame              Hex/Fire       #.......     54%         3    ###....


Dungeon Overview and Level Annotations

Branches:
Dungeon (8/15)             Temple (0/1) D:5            Lair (0/6) D:8

Altars:
Cheibriados
Dithmenos
Nemelex Xobeh
Qazlal
Ru
Xom

Shops:
D:7 *

Annotations:
D:3 Terence
D:7 1 runed door, TBriggs11TB's ghost, novice GnSk


Innate Abilities, Weirdness & Mutations

You can breathe bolts of dispelling energy.
Your rich purple scales are hard. (AC +6)
You cannot fit into any form of body armour.
You are cold-blooded and may be slowed by cold attacks.
You cannot study or cast Fire magic.
You cannot study or cast Hexes magic.
You cannot study or cast Translocations magic.
You are somewhat inexperienced. (-2 XL)


Message History

You breathe a bolt of dispelling energy.
The bolt of dispelling energy hits the komodo dragon.
The komodo dragon is heavily wounded.
The bolt of dispelling energy hits the plant.
The plant is lightly damaged.
You feel somewhat more hungry. The komodo dragon bites you!
Your ball python bites the plant but does no damage.
Your ball python constricts the plant.
You hit the komodo dragon.
The komodo dragon is severely wounded.
The komodo dragon bites you!
* * * LOW HITPOINT WARNING * * *
Your ball python bites the plant but does no damage.
Your ball python constricts the plant.
You hit the komodo dragon but do no damage.
You tail-slap the komodo dragon, but do no damage.
The komodo dragon is severely wounded.
Your ball python bites the plant but does no damage.
Your ball python constricts the plant.
The komodo dragon bites you!!
You die...

## #.# . #.#
#########.############
..........##PPPPPPPPP##
).........#PPPPPPP..PP#
........(....PPP..>.PP#
.............PPPP...PP#
.........>....PSPlPPPP#
.........##...).@PP..P#
.........###..†...P..##
.........# ###.....###
.........# #.##.##...
########## #. #.......
#. ###...... #. ......
#. ##.## ##


You could see a komodo dragon and a friendly ball python.

Vanquished Creatures
  2 water moccasins
  A sky beast (D:7)
  A black bear (D:5)
  2 orc warriors (D:6)
  2 phantoms
  4 ogres
  2 centaurs
  4 bullfrogs
  A water moccasin zombie (D:7)
  A scorpion (D:7)
  4 killer bees
  5 wights (D:7)
  A howler monkey (D:7)
  An electric eel (D:7)
  A bullfrog zombie (D:5)
  2 crimson imps
  6 hounds
  A centaur skeleton (D:6)
  An orc priest (D:6)
  2 bullfrog skeletons
  A jelly (D:5)
  7 orc wizards
  3 worker ants
  Robin (D:2)
  A worker ant zombie (D:8)
  A howler monkey skeleton (D:5)
  12 adders
  A shadow imp (D:5)
  An ooze (D:1)
  2 adder zombies
  An adder skeleton (D:5)
  6 dart slugs
  4 leopard geckos
  28 orcs
  2 ball pythons
  13 bats
  4 giant cockroaches
  19 goblins
  4 hobgoblins
  7 jackals
  2 quokkas
  4 frilled lizards
  A jackal skeleton (D:6)
  8 kobolds
  A leopard gecko skeleton (D:4)
  5 rats
183 creatures vanquished.

Vanquished Creatures (collateral kills)
  An ice beast (D:6)
  An ogre (D:6)
2 creatures vanquished.

Vanquished Creatures (others)
  A plant (D:8)
  5 toadstools (D:1)
6 creatures vanquished.

Grand Total: 191 creatures vanquished

Notes
Turn   | Place    | Note
-------+----------+-------------------------------------------
     0 | D:1      | sking99 the Draconian Transmuter began the quest for the Orb.
     0 | D:1      | Reached XP level 1. HP: 16/16 MP: 3/3
    97 | D:1      | Reached XP level 2. HP: 23/23 MP: 5/5
   593 | D:1      | Reached XP level 3. HP: 19/29 MP: 6/6
   597 | D:1      | Learned a level 2 spell: Sticks to Snakes
   965 | D:2      | Reached skill level 4 in Unarmed Combat
  1516 | D:2      | Reached XP level 4. HP: 36/36 MP: 7/7
  2375 | D:3      | Noticed Robin
  2386 | D:2      | Killed Robin
  2656 | D:2      | Reached XP level 5. HP: 41/42 MP: 8/8
  3127 | D:3      | Found a stormy altar of Qazlal.
  3374 | D:3      | Found a sacrificial altar of Ru.
  3374 | D:3      | Noticed Terence
  3537 | D:3      | Found a shimmering altar of Xom.
  3539 | D:3      | Became a worshipper of Ru the Awakened
  3829 | D:4      | Reached skill level 5 in Unarmed Combat
  3911 | D:4      | You fall through a shaft!
  3911 | D:5      | Entered Level 5 of the Dungeon
  4508 | D:5      | Reached XP level 6. HP: 19/51 MP: 9/9
  4966 | D:5      | Reached skill level 6 in Unarmed Combat
  4990 | D:5      | Gained mutation: You cannot study or cast Fire magic. [Ru sacrifice]
  4990 | D:5      | Gained mutation: You cannot study or cast Hexes magic. [Ru sacrifice]
  4990 | D:5      | Gained mutation: You cannot study or cast Translocations magic. [Ru sacrifice]
  4990 | D:5      | Reached * piety under Ru
  5177 | D:5      | Your scales start taking on a rich purple colour.
  5177 | D:5      | Reached XP level 7. HP: 21/59 MP: 10/10
  5476 | D:5      | Found a staircase to the Ecumenical Temple.
  5597 | D:5      | Reached skill level 7 in Unarmed Combat
  5877 | D:6      | Reached skill level 5 in Fighting
  5877 | D:6      | Reached XP level 8. HP: 59/68 MP: 11/11
  5927 | D:6      | Reached skill level 5 in Transmutations
  6149 | D:6      | Reached skill level 8 in Unarmed Combat
  6894 | D:7      | Reached XP level 9. HP: 78/78 MP: 12/12
  6933 | D:7      | Reached skill level 9 in Unarmed Combat
  6996 | D:7      | Found Niloipp's Island Escapes.
  7090 | D:7      | Found a runed door.
  7338 | D:7      | Gained mutation: You are somewhat inexperienced. (-2 XL) [Ru sacrifice]
  7338 | D:7      | Reached XP level 8. HP: 73/73 MP: 11/11
  7338 | D:7      | Reached XP level 7. HP: 66/66 MP: 10/10
  7338 | D:7      | Reached ** piety under Ru
  7338 | D:7      | Reached *** piety under Ru
  7547 | D:7      | Noticed TBriggs11TB's ghost (novice GnSk)
  7574 | D:7      | Found a shadowy altar of Dithmenos.
  7580 | D:7      | Found a sparkling altar of Nemelex Xobeh.
  7585 | D:7      | Found a snail-covered altar of Cheibriados.
  7695 | D:7      | Bought a potion of invisibility for 104 gold pieces
  7924 | D:8      | Reached skill level 10 in Unarmed Combat
  7924 | D:8      | Reached XP level 8. HP: 42/73 MP: 9/11
  7984 | D:8      | Found a staircase to the Lair.
  7985 | D:8      | Noticed a komodo dragon
  8014 | D:8      | Slain by a komodo dragon

Vault maps used:
D:1:      ldierk_walled_garden
D:3:      nicolae_overflow_crystal_walls, grunt_temple_overflow_open,
          uniq_terence, uniq_robin
D:5:      temple_statues, first_ration
D:7:      wad_river_or_something, minitemple, ebering_ghost_reflecting_pool,
          nicolae_island_escapes
D:8:      david_lair_shrubbed, the_bakery

Skill      XL: |  1  2  3  4  5  6  7  8  9 |
---------------+----------------------------+-----
Fighting       | 2 3 4 5 6 7 |  7.4
Unarmed Combat | 4 5 6 10 8 9 | 10.1
Transmutations | 3 4 5 |  5.1
Dodging        | 3 4 |  4.6
Spellcasting   | |  2.4

Action                   |  1- 3 |  4- 6 |  7- 9 || total
-------------------------+-------+-------+-------++-------
Melee: Unarmed           |   145 |   414 |   362 ||   921
       Tailslap          |    10 |    29 |    58 ||    97
       Punch             |     1 |     6 |    12 ||    19
       Headbutt          |       |     8 |     2 ||    10
 Cast: Sticks to Snakes  |       |     3 |     7 ||    10
       Beastly Appendage |       |     2 |     2 ||     4
Invok: Sacrifice Arcana  |       |     1 |       ||     1
       Sacrifice Experie |       |       |     1 ||     1
 Abil: Breathe Dispellin |       |       |    22 ||    22
  Use: Potion            |     2 |     4 |     1 ||     7
       Scroll            |       |     7 |     9 ||    16
 Stab: Sleeping          |     2 |     1 |     1 ||     4
       Distracted        |       |       |     1 ||     1
  Eat: Chunk             |     2 |    12 |    14 ||    28
Armor: Skin              |    58 |   157 |    58 ||   273
Dodge: Dodged            |   100 |   271 |   182 ||   553

Table legend:
 A = Spawn XP
 B = Non-spawn XP
 C = Spawn XP percentage of total XP
 D = Spawn monster count
 E = Non-spawn monster count
 F = Spawn count percentage of total count
 G = Total turns spent on level
                    A         B        C        D         E        F      G
               +---------+---------+-------+---------+---------+-------+---------
         Total |       0 |    4506 |   0.0 |       0 |     185 |   0.0 |  8014
               +---------+---------+-------+---------+---------+-------+---------
           D:1 |       0 |      58 |   0.0 |       0 |      30 |   0.0 |   882
           D:2 |       0 |     162 |   0.0 |       0 |      37 |   0.0 |  2160
           D:3 |       0 |      55 |   0.0 |       0 |      13 |   0.0 |   675
           D:4 |       0 |      98 |   0.0 |       0 |      15 |   0.0 |   715
           D:5 |       0 |     916 |   0.0 |       0 |      25 |   0.0 |  1427
           D:6 |       0 |    1312 |   0.0 |       0 |      34 |   0.0 |   927
           D:7 |       0 |    1436 |   0.0 |       0 |      21 |   0.0 |  1022
           D:8 |       0 |     469 |   0.0 |       0 |      10 |   0.0 |   206
               +---------+---------+-------+---------+---------+-------+---------
